Blues vs Blue Jackets
Created - March 10, 2021 at 19:46
Goals
|
| Blues |
0 |
3 |
0 |
3 |
| Blue Jackets |
0 |
0 |
0 |
0 |
|
Shots
|
| Blues |
8 |
16 |
8 |
32 |
| Blue Jackets |
9 |
10 |
15 |
34 |
|
1st period
No Goal
Penalties :
Kevin Hayes (STL) for Slashing (Minor) at 13:35, Drew Shore (STL) for Elbowing (Minor) at 13:48
2nd period
1. Blues , Filip Forsberg 13 (Tyler Johnson 46, Alex Pietrangelo 52) at 0:16
2. Blues , David Perron 19 (Ryan O'Reilly 26) at 9:05
3. Blues , Ryan Murray 4 (Alex Pietrangelo 53, Kevin Hayes 16) at 15:34
Penalties :
Dalton Prout (Clb) for Hooking (Minor) at 0:29, Dalton Prout (Clb) for Hooking (Minor) at 4:02, Nicklas Backstrom (STL) for Hooking (Minor) at 9:22
3rd period
No Goal
Penalties :
Devin Setoguchi (Clb) for Tripping (Minor) at 0:58, Ryan Murray (STL) for Hooking (Minor) at 8:25, Filip Forsberg (STL) for Cross-checking (Minor) at 11:23, Jacob Slavin (STL) for Hooking (Minor) at 16:57
Goalie Stats
Carey Price (STL), 34 saves from 34 shots - (1.000), W, 27-14-5, 60:00 minutes
Rick DiPietro (Clb), 29 saves from 32 shots - (0.906), L, 16-19-3, 60:00 minutes
Players Stats for Blues
Player Name G A P +/- PIM S H SB GA TA FO MP PP MP PK MP
------------------------------------------------------------------------------------
Alex Pietrangelo 0 2 2 2 0 7 0 0 1 0 0/0 23:13 3:31 1:41
Anthony Mantha 0 0 0 0 0 1 1 0 0 0 0/0 10:29 0:00 0:00
Brandon Yip 0 0 0 0 0 1 2 0 0 0 0/0 8:27 0:06 0:00
Cody Ceci 0 0 0 1 0 1 0 3 1 0 0/0 16:58 0:00 6:08
David Perron 1 0 1 2 0 2 2 0 0 1 2/3 16:03 3:17 2:10
Drew Shore 0 0 0 0 2 0 1 1 1 0 8/9 15:16 0:00 4:17
Fabian Brunnstrom 0 0 0 0 0 1 0 0 0 0 0/0 11:53 0:00 1:16
Filip Forsberg 1 0 1 1 2 1 4 1 1 0 3/4 18:27 2:40 1:36
Jacob Slavin 0 0 0 1 2 0 3 2 0 0 0/0 15:28 2:26 0:48
Jake Gardiner 0 0 0 0 0 2 0 1 0 2 0/0 21:24 3:31 3:24
Kevin Hayes 0 1 1 2 2 0 2 0 0 1 0/0 13:30 2:40 0:13
Linus Omark 0 0 0 0 0 1 1 0 0 0 0/0 8:09 0:06 0:00
Nicklas Backstrom 0 0 0 1 2 3 0 2 2 0 19/34 18:42 3:11 1:14
Ryan Murray 1 0 1 2 2 2 3 0 2 0 0/0 24:45 2:26 3:12
Ryan O'Reilly 0 1 1 2 0 5 2 0 0 0 4/8 16:10 2:40 2:54
Tyler Johnson 0 1 1 1 0 3 4 0 2 1 1/2 22:30 3:11 4:49
Vincent Lecavalier 0 0 0 0 0 2 0 0 0 0 0/1 8:17 0:00 0:00
Yann Sauvé 0 0 0 0 0 0 1 0 0 0 0/0 18:19 0:00 5:03
Players Stats for Blue Jackets
Player Name G A P +/- PIM S H SB GA TA FO MP PP MP PK MP
------------------------------------------------------------------------------------
Andreas Nodl 0 0 0 0 0 2 1 0 0 0 0/0 7:54 0:00 0:00
Artemi Panarin 0 0 0 -2 0 9 3 0 1 1 1/3 24:00 5:24 2:56
Brandon Bollig 0 0 0 0 0 2 0 0 0 0 0/0 8:14 0:00 0:15
Branislav Mezei 0 0 0 -2 0 1 1 1 1 3 0/0 24:47 6:12 2:21
Christian Hanson 0 0 0 0 0 2 2 2 0 0 1/3 9:11 0:00 0:34
Cody Hodgson 0 0 0 0 0 2 2 0 0 1 3/9 11:45 0:00 0:00
Dalton Prout 0 0 0 -1 4 0 2 0 0 0 0/0 25:31 3:56 0:49
Dennis Wideman 0 0 0 0 0 0 0 1 0 0 0/0 0:18 0:00 0:00
Devin Setoguchi 0 0 0 -2 2 2 2 0 1 0 1/3 19:54 5:38 0:42
Eric Wellwood 0 0 0 -1 0 1 0 0 0 0 0/0 11:22 0:00 2:01
Martin Havlat 0 0 0 0 0 4 2 1 0 0 0/1 16:24 4:30 0:00
Max Pacioretty 0 0 0 0 0 1 2 0 0 0 0/1 18:59 4:30 2:30
Mike Lundin 0 0 0 0 0 2 3 0 0 1 0/0 25:10 6:51 3:25
Pavel Datsyuk 0 0 0 -1 0 2 3 2 1 0 2/9 15:01 4:33 0:00
Rob Scuderi 0 0 0 -1 0 0 1 4 0 0 0/0 21:21 3:17 2:14
Ryan Wilson 0 0 0 -2 0 0 4 0 0 1 0/0 20:45 0:00 3:05
Tyler Kennedy 0 0 0 -1 0 2 1 0 0 0 0/0 9:32 0:11 0:00
Tyler Seguin 0 0 0 -2 0 2 0 0 1 3 16/32 23:52 5:38 2:56
3 Stars
1 - Carey Price (STL)
2 - David Perron (STL)
3 - Alex Pietrangelo (STL)
Power Play
Blues - 0 on 3 Attempt(s) - 0.00%
Blue Jackets - 0 on 6 Attempt(s) - 0.00%
Penalty Kill
Blues - 6 on 6 Attempt(s) - 100.00%
- Score 0 goal in Penalty Kill
Blue Jackets - 3 on 3 Attempt(s) - 100.00%
- Score 0 goal in Penalty Kill
Team Stat
Blues - Hits : 26 - Faceoff Wins : 37 - Blocked Shots : 10 - Penalty Minutes : 12
Blue Jackets - Hits : 29 - Faceoff Wins : 24 - Blocked Shots : 11 - Penalty Minutes : 6
Official
Referees : Unknown
Linesman : Unknown
Game Notes
Dennis Wideman is injured at 0:17 of 1st period (Fractured Bone in Left Hand)
Finance
Level 1 -- Attendance: 4954 (82.57%) -- Ticket Income $569,710
Level 2 -- Attendance: 3536 (70.72%) -- Ticket Income $265,200
Level 3 -- Attendance: 1574 (78.70%) -- Ticket Income $70,830
Level 4 -- Attendance: 3590 (89.75%) -- Ticket Income $107,700
Luxury Box -- Attendance: 752 (75.20%) -- Ticket Income $161,680
Game was played at the Ohio State Arena.
Total Attendance: 14406 (80.03%)
Total Ticket Income: $1,175,120
Other Income: $176,268
Total Income: $1,351,388
Blues
5 vs 5 Forward
Center Left Wing Right Wing Time % Phy DF OF
1 Nicklas Backstrom Filip Forsberg Tyler Johnson 40 1 2 2
2 Ryan O'Reilly David Perron Kevin Hayes 30 1 2 2
3 Drew Shore Fabian Brunnstrom Anthony Mantha 20 1 2 2
4 Vincent Lecavalier Linus Omark Brandon Yip 10 1 2 2
5 vs 5 Defense
Defense Defense Time % Phy DF OF
1 Alex Pietrangelo Ryan Murray 40 1 2 2
2 Yann Sauvé Jake Gardiner 30 1 2 2
3 Cody Ceci Jacob Slavin 20 1 2 2
4 Alex Pietrangelo Jake Gardiner 10 1 2 2
PowerPlay Forward
Center Left Wing Right Wing Time % Phy DF OF
1 Nicklas Backstrom David Perron Tyler Johnson 60 1 1 3
2 Ryan O'Reilly Filip Forsberg Kevin Hayes 40 1 1 3
PowerPlay Defense
Defense Defense Time % Phy DF OF
1 Alex Pietrangelo Jake Gardiner 60 1 2 2
2 Jacob Slavin Ryan Murray 40 1 2 2
Penalty Kill 4 Players Forward
Center Wing Time % Phy DF OF
1 Drew Shore Tyler Johnson 60 1 3 1
2 Ryan O'Reilly David Perron 40 1 3 1
Penalty Kill 4 Players Defense
Defense Defense Time % Phy DF OF
1 Yann Sauvé Cody Ceci 60 2 3 0
2 Ryan Murray Jake Gardiner 40 2 3 0
Penalty Kill - 3 Players Forward
Forward Time % Phy DF OF
1 Nicklas Backstrom 60 1 2 2
2 Tyler Johnson 40 1 2 2
Penalty Kill - 3 Players Defense
Defense Defense Time % Phy DF OF
1 Alex Pietrangelo Cody Ceci 60 1 2 2
2 Ryan Murray Yann Sauvé 40 1 2 2
4 vs 4 Forward
Center Wing Time % Phy DF OF
1 Nicklas Backstrom Tyler Johnson 60 1 2 2
2 Ryan O'Reilly David Perron 40 1 2 2
4 vs 4 Defense
Defense Defense Time % Phy DF OF
1 Alex Pietrangelo Cody Ceci 60 1 2 2
2 Jake Gardiner Yann Sauvé 40 1 2 2
Last Minutes Offensive
Center Left Wing Right Wing Defense Defense
Nicklas Backstrom David Perron Tyler Johnson Alex Pietrangelo Jake Gardiner
Last Minutes Defensive
Center Left Wing Right Wing Defense Defense
Drew Shore David Perron Tyler Johnson Yann Sauvé Cody Ceci
Goaltenders
Starting : Carey Price
Backup : Pascal Leclaire
Extra Forwards
Normal : Kevin Hayes, Vincent Lecavalier, Ryan O'Reilly - PP : Linus Omark, Nicklas Backstrom - PK : Filip Forsberg
Extra Defensemen
Normal : Cody Ceci, Jake Gardiner, Ryan Murray - PP : Yann Sauvé - PK : Jacob Slavin, Jake Gardiner
Penalty Shots
David Perron, Vincent Lecavalier, Filip Forsberg, Tyler Johnson, Nicklas Backstrom
Scratches
Simon Gagné (Healthy)
Blue Jackets
5 vs 5 Forward
Center Left Wing Right Wing Time % Phy DF OF
1 Tyler Seguin Artemi Panarin Devin Setoguchi 40 1 2 2
2 Cody Hodgson Max Pacioretty Martin Havlat 30 1 2 2
3 Pavel Datsyuk Eric Wellwood Tyler Kennedy 20 1 2 2
4 Christian Hanson Brandon Bollig Andreas Nodl 10 1 2 2
5 vs 5 Defense
Defense Defense Time % Phy DF OF
1 Mike Lundin Dennis Wideman 40 1 2 2
2 Dalton Prout Rob Scuderi 30 1 2 2
3 Branislav Mezei Ryan Wilson 20 1 2 2
4 Mike Lundin Dennis Wideman 10 1 2 2
PowerPlay Forward
Center Left Wing Right Wing Time % Phy DF OF
1 Tyler Seguin Artemi Panarin Devin Setoguchi 60 1 2 2
2 Pavel Datsyuk Max Pacioretty Martin Havlat 40 1 2 2
PowerPlay Defense
Defense Defense Time % Phy DF OF
1 Mike Lundin Dennis Wideman 60 1 2 2
2 Dalton Prout Rob Scuderi 40 1 2 2
Penalty Kill 4 Players Forward
Center Wing Time % Phy DF OF
1 Tyler Seguin Artemi Panarin 60 1 2 2
2 Max Pacioretty Devin Setoguchi 40 1 2 2
Penalty Kill 4 Players Defense
Defense Defense Time % Phy DF OF
1 Mike Lundin Dennis Wideman 60 1 2 2
2 Dalton Prout Rob Scuderi 40 1 2 2
Penalty Kill - 3 Players Forward
Forward Time % Phy DF OF
1 Tyler Seguin 60 1 2 2
2 Artemi Panarin 40 1 2 2
Penalty Kill - 3 Players Defense
Defense Defense Time % Phy DF OF
1 Mike Lundin Dennis Wideman 60 1 2 2
2 Dalton Prout Rob Scuderi 40 1 2 2
4 vs 4 Forward
Center Wing Time % Phy DF OF
1 Tyler Seguin Artemi Panarin 60 1 2 2
2 Max Pacioretty Devin Setoguchi 40 1 2 2
4 vs 4 Defense
Defense Defense Time % Phy DF OF
1 Mike Lundin Dennis Wideman 60 1 2 2
2 Dalton Prout Rob Scuderi 40 1 2 2
Last Minutes Offensive
Center Left Wing Right Wing Defense Defense
Tyler Seguin Artemi Panarin Devin Setoguchi Mike Lundin Dennis Wideman
Last Minutes Defensive
Center Left Wing Right Wing Defense Defense
Tyler Seguin Artemi Panarin Devin Setoguchi Mike Lundin Dennis Wideman
Goaltenders
Starting : Rick DiPietro
Backup : Andrei Vasilevskiy
Extra Forwards
Normal : Pavel Datsyuk, Tyler Kennedy, Eric Wellwood - PP : Pavel Datsyuk, Tyler Kennedy - PK : Eric Wellwood
Extra Defensemen
Normal : Branislav Mezei, Ryan Wilson, Dalton Prout - PP : Branislav Mezei - PK : Ryan Wilson, Dalton Prout
Penalty Shots
Tyler Seguin, Artemi Panarin, Max Pacioretty, Eric Wellwood, Devin Setoguchi
Scratches
Anthony Stewart (Healthy), Cam Fowler (Back Injury), Timothy Kunes (Healthy)
% Time on Ice - Blues
Lines # - Real PCT - Wanted PCT - Time Play
Normal Forward
1 - 33% - 40% - 14:29
2 - 25% - 30% - 10:56
3 - 24% - 20% - 10:29
4 - 18% - 10% - 8:01
Normal Defense
1 - 39% - 40% - 17:07
2 - 34% - 30% - 14:48
3 - 23% - 20% - 10:13
4 - 4% - 10% - 1:47
PP Forward
1 - 55% - 60% - 3:17
2 - 45% - 40% - 2:40
PP Defense
1 - 59% - 60% - 3:31
2 - 41% - 40% - 2:26
PK Forward
1 - 74% - 60% - 6:12
2 - 26% - 40% - 2:10
PK Defense
1 - 56% - 60% - 4:40
2 - 44% - 40% - 3:42
PK3 Forward
1 - 74% - 60% - 1:18
2 - 26% - 40% - 0:28
PK3 Defense
1 - 66% - 60% - 1:10
2 - 34% - 40% - 0:36
44 Forward
1 - 0% - 60%
2 - 0% - 40%
44 Defense
1 - 0% - 60%
2 - 0% - 40%
Last Minute Offensive - 0:00
Last Minute Defensive - 0:00
Total
Forward - 60:00
Defense - 60:00
|
% Time on Ice - Blue Jackets
Lines # - Real PCT - Wanted PCT - Time Play
Normal Forward
1 - 33% - 40% - 14:41
2 - 27% - 30% - 11:59
3 - 21% - 20% - 9:21
4 - 18% - 10% - 7:54
Normal Defense
1 - 45% - 40% - 19:33
2 - 29% - 30% - 12:53
3 - 20% - 20% - 8:56
4 - 6% - 10% - 2:33
PP Forward
1 - 56% - 60% - 5:38
2 - 44% - 40% - 4:30
PP Defense
1 - 68% - 60% - 6:51
2 - 32% - 40% - 3:17
PK Forward
1 - 74% - 60% - 4:23
2 - 26% - 40% - 1:34
PK Defense
1 - 62% - 60% - 3:43
2 - 38% - 40% - 2:14
PK3 Forward
1 - 0% - 60%
2 - 0% - 40%
PK3 Defense
1 - 0% - 60%
2 - 0% - 40%
44 Forward
1 - 0% - 60%
2 - 0% - 40%
44 Defense
1 - 0% - 60%
2 - 0% - 40%
Last Minute Offensive - 0:00
Last Minute Defensive - 0:00
Total
Forward - 60:00
Defense - 60:00
|
Play-by-Play
1st period
0:01 of 1st period - Devin Setoguchi wins face-off versus Nicklas Backstrom in neutral zone.
0:03 of 1st period - Off-side.
0:04 of 1st period - Nicklas Backstrom wins face-off versus Devin Setoguchi in neutral zone.
0:17 of 1st period - Wrist shot by Nicklas Backstrom.
0:17 of 1st period - Shot Blocked by Dennis Wideman.
0:17 of 1st period - Dennis Wideman from Blue Jackets is injured at 0:17 of 1st period (Fractured Bone in Left Hand).
0:18 of 1st period - David Perron wins face-off versus Max Pacioretty in Blue Jackets zone.
0:23 of 1st period - Snap shot by David Perron.
0:23 of 1st period - Shot Misses the Net.
0:25 of 1st period - Snap shot by Ryan O'Reilly.
0:25 of 1st period - Stopped by Rick DiPietro without a rebound.
0:26 of 1st period - Ryan O'Reilly wins face-off versus Cody Hodgson in Blue Jackets zone.
0:29 of 1st period - Wrist shot by David Perron.
0:29 of 1st period - Stopped by Rick DiPietro with a rebound.
0:31 of 1st period - Slapshot by Yann Sauvé.
0:31 of 1st period - Shot Blocked by Rob Scuderi.
1:03 of 1st period - Snap shot by Martin Havlat.
1:03 of 1st period - Deflect By Cody Hodgson.
1:03 of 1st period - Stopped by Carey Price with a rebound.
1:13 of 1st period - Snap shot by Ryan O'Reilly.
1:13 of 1st period - Stopped by Rick DiPietro with a rebound.
1:15 of 1st period - Snap shot by Kevin Hayes.
1:15 of 1st period - Shot Blocked by Rob Scuderi.
1:17 of 1st period - Slapshot by Yann Sauvé.
1:17 of 1st period - Shot Misses the Net.
1:37 of 1st period - Snap shot by Ryan O'Reilly.
1:37 of 1st period - Stopped by Rick DiPietro without a rebound.
1:38 of 1st period - Nicklas Backstrom wins face-off versus Tyler Seguin in Blue Jackets zone.
3:09 of 1st period - Slapshot by Alex Pietrangelo.
3:09 of 1st period - Shot Misses the Net.
3:11 of 1st period - Snap shot by Anthony Mantha.
3:11 of 1st period - Shot Misses the Net.
4:21 of 1st period - Branislav Mezei is hit by Tyler Johnson and loses puck.
4:50 of 1st period - Pavel Datsyuk is hit by Ryan Murray and loses puck.
5:04 of 1st period - Off-side.
5:05 of 1st period - Drew Shore wins face-off versus Cody Hodgson in neutral zone.
5:08 of 1st period - Wrist shot by Alex Pietrangelo.
5:08 of 1st period - Shot Misses the Net.
5:40 of 1st period - Filip Forsberg is hit by Rob Scuderi.
6:15 of 1st period - Ryan Murray is hit by Mike Lundin and loses puck.
6:24 of 1st period - Ryan Murray is hit by Ryan Wilson.
6:41 of 1st period - Backhand shot by Devin Setoguchi.
6:41 of 1st period - Shot Misses the Net.
6:53 of 1st period - Cody Ceci is hit by Devin Setoguchi and loses puck.
7:20 of 1st period - Snap shot by Linus Omark.
7:20 of 1st period - Shot Misses the Net.
7:22 of 1st period - Slapshot by Brandon Yip.
7:22 of 1st period - Stopped by Rick DiPietro with a rebound.
7:24 of 1st period - Snap shot by Linus Omark.
7:24 of 1st period - Deflect By Vincent Lecavalier.
7:24 of 1st period - Stopped by Rick DiPietro without a rebound.
7:25 of 1st period - Nicklas Backstrom wins face-off versus Pavel Datsyuk in Blue Jackets zone.
7:38 of 1st period - Nicklas Backstrom is hit by Tyler Kennedy and loses puck.
7:51 of 1st period - Snap shot by Ryan O'Reilly.
7:51 of 1st period - Deflect By David Perron.
7:51 of 1st period - Shot Blocked by Branislav Mezei.
7:51 of 1st period - Puck is out of play.
7:52 of 1st period - Cody Hodgson wins face-off versus David Perron in Blue Jackets zone.
8:20 of 1st period - Wrist shot by Jake Gardiner.
8:20 of 1st period - Shot Blocked by Martin Havlat.
9:01 of 1st period - Snap shot by Martin Havlat.
9:01 of 1st period - Stopped by Carey Price without a rebound.
9:02 of 1st period - Filip Forsberg wins face-off versus Pavel Datsyuk in Blues zone.
9:32 of 1st period - Slapshot by Mike Lundin.
9:32 of 1st period - Stopped by Carey Price with a rebound.
10:08 of 1st period - Nicklas Backstrom is hit by Ryan Wilson.
10:42 of 1st period - Ryan Wilson is hit by Anthony Mantha and loses puck.
10:55 of 1st period - Icing by Jake Gardiner.
10:56 of 1st period - Tyler Seguin wins face-off versus Drew Shore in Blues zone.
11:43 of 1st period - Snap shot by Ryan O'Reilly.
11:43 of 1st period - Stopped by Rick DiPietro with a rebound.
11:45 of 1st period - Slapshot by Ryan Murray.
11:45 of 1st period - Shot Misses the Net.
11:47 of 1st period - Wrist shot by David Perron.
11:47 of 1st period - Shot Misses the Net.
11:49 of 1st period - Slapshot by Ryan Murray.
11:49 of 1st period - Stopped by Rick DiPietro without a rebound.
11:50 of 1st period - Ryan O'Reilly wins face-off versus Tyler Seguin in Blue Jackets zone.
11:54 of 1st period - Icing by Tyler Seguin.
11:55 of 1st period - Nicklas Backstrom wins face-off versus Tyler Seguin in Blue Jackets zone.
12:02 of 1st period - Slapshot by Devin Setoguchi.
12:02 of 1st period - Shot Misses the Net.
12:22 of 1st period - David Perron is hit by Max Pacioretty and loses puck.
12:53 of 1st period - Fabian Brunnstrom is hit by Pavel Datsyuk.
13:03 of 1st period - Snap shot by Brandon Bollig.
13:03 of 1st period - Shot Misses the Net.
13:09 of 1st period - Snap shot by Andreas Nodl.
13:09 of 1st period - Shot Misses the Net.
13:11 of 1st period - Snap shot by Dalton Prout.
13:11 of 1st period - Deflect By Brandon Bollig.
13:11 of 1st period - Shot Misses the Net.
13:11 of 1st period - Puck is out of play.
13:12 of 1st period - Tyler Seguin wins face-off versus Ryan O'Reilly in Blues zone.
13:13 of 1st period - Slapshot by Artemi Panarin.
13:13 of 1st period - Shot Blocked by Cody Ceci.
13:15 of 1st period - Slapshot by Branislav Mezei.
13:15 of 1st period - Shot Blocked by Jacob Slavin.
13:17 of 1st period - Wrist shot by Branislav Mezei.
13:17 of 1st period - Deflect By Tyler Seguin.
13:17 of 1st period - Stopped by Carey Price with a rebound.
13:19 of 1st period - Snap shot by Artemi Panarin.
13:19 of 1st period - Stopped by Carey Price with a rebound.
13:35 of 1st period - Minor Penalty to Kevin Hayes for Slashing.
13:36 of 1st period - Tyler Johnson wins face-off versus Tyler Seguin in Blues zone.
13:45 of 1st period - Slapshot by Artemi Panarin.
13:45 of 1st period - Stopped by Carey Price without a rebound.
13:46 of 1st period - Drew Shore wins face-off versus Artemi Panarin in Blues zone.
13:48 of 1st period - Minor Penalty to Drew Shore for Elbowing.
13:49 of 1st period - Tyler Seguin wins face-off versus Nicklas Backstrom in Blues zone.
13:49 of 1st period - Wrist shot by Devin Setoguchi.
13:49 of 1st period - Shot Blocked by Nicklas Backstrom.
14:23 of 1st period - Wrist shot by Pavel Datsyuk.
14:23 of 1st period - Stopped by Carey Price with a rebound.
14:25 of 1st period - Snap shot by Mike Lundin.
14:25 of 1st period - Stopped by Carey Price without a rebound.
14:26 of 1st period - Nicklas Backstrom wins face-off versus Tyler Seguin in Blues zone.
15:35 of 1st period - Penalty to Kevin Hayes is over, Kevin Hayes is back on ice.
15:48 of 1st period - Penalty to Drew Shore is over, Drew Shore is back on ice.
16:19 of 1st period - Snap shot by Tyler Kennedy.
16:19 of 1st period - Stopped by Carey Price with a rebound.
16:21 of 1st period - Wrist shot by Pavel Datsyuk.
16:21 of 1st period - Shot Blocked by Drew Shore.
17:26 of 1st period - Dalton Prout is hit by Filip Forsberg and loses puck.
17:31 of 1st period - Wrist shot by Nicklas Backstrom.
17:31 of 1st period - Shot Misses the Net.
19:04 of 1st period - Cody Hodgson is hit by Brandon Yip.
19:10 of 1st period - Vincent Lecavalier is hit by Cody Hodgson and loses puck.
Goals for this period are 0 for Blues vs 0 for Blue Jackets.
Shots for this period are 8 for Blues vs 9 for Blue Jackets.
2nd period
0:01 of 2nd period - Filip Forsberg wins face-off versus Tyler Seguin in neutral zone.
0:12 of 2nd period - Slapshot by Alex Pietrangelo.
0:12 of 2nd period - Stopped by Rick DiPietro with a rebound.
0:14 of 2nd period - Snap shot by Tyler Johnson.
0:14 of 2nd period - Stopped by Rick DiPietro with a rebound.
0:16 of 2nd period - Wrist shot by Filip Forsberg.
0:16 of 2nd period - Goal by Filip Forsberg - Blues : 1 - Blue Jackets : 0.
0:17 of 2nd period - Tyler Seguin wins face-off versus Nicklas Backstrom in neutral zone.
0:29 of 2nd period - Minor Penalty to Dalton Prout for Hooking.
0:30 of 2nd period - Nicklas Backstrom wins face-off versus Tyler Seguin in Blue Jackets zone.
0:36 of 2nd period - Snap shot by Nicklas Backstrom.
0:36 of 2nd period - Stopped by Rick DiPietro with a rebound.
2:29 of 2nd period - Penalty to Dalton Prout is over, Dalton Prout is back on ice.
2:36 of 2nd period - Ryan Wilson is hit by Jacob Slavin and loses puck.
2:49 of 2nd period - Max Pacioretty is hit by Drew Shore.
3:15 of 2nd period - Cody Ceci is hit by Dalton Prout and loses puck.
3:20 of 2nd period - Slapshot by Max Pacioretty.
3:20 of 2nd period - Shot Misses the Net.
3:33 of 2nd period - Wrist shot by Fabian Brunnstrom.
3:33 of 2nd period - Shot Misses the Net.
3:35 of 2nd period - Backhand shot by Yann Sauvé.
3:35 of 2nd period - Shot Misses the Net.
3:37 of 2nd period - Snap shot by Fabian Brunnstrom.
3:37 of 2nd period - Stopped by Rick DiPietro without a rebound.
3:38 of 2nd period - Nicklas Backstrom wins face-off versus Tyler Seguin in Blue Jackets zone.
3:43 of 2nd period - Wrist shot by Tyler Johnson.
3:43 of 2nd period - Stopped by Rick DiPietro with a rebound.
3:45 of 2nd period - Snap shot by Nicklas Backstrom.
3:45 of 2nd period - Stopped by Rick DiPietro with a rebound.
3:47 of 2nd period - Snap shot by Filip Forsberg.
3:47 of 2nd period - Shot Misses the Net.
3:49 of 2nd period - Slapshot by Jake Gardiner.
3:49 of 2nd period - Stopped by Rick DiPietro without a rebound.
3:50 of 2nd period - Nicklas Backstrom wins face-off versus Tyler Seguin in Blue Jackets zone.
4:02 of 2nd period - Minor Penalty to Dalton Prout for Hooking.
4:03 of 2nd period - Nicklas Backstrom wins face-off versus Tyler Seguin in Blue Jackets zone.
4:05 of 2nd period - Snap shot by Nicklas Backstrom.
4:05 of 2nd period - Stopped by Rick DiPietro with a rebound.
4:07 of 2nd period - Slapshot by Alex Pietrangelo.
4:07 of 2nd period - Stopped by Rick DiPietro without a rebound.
4:08 of 2nd period - Tyler Seguin wins face-off versus Nicklas Backstrom in Blue Jackets zone.
6:02 of 2nd period - Penalty to Dalton Prout is over, Dalton Prout is back on ice.
6:13 of 2nd period - Mike Lundin is hit by Jacob Slavin.
6:21 of 2nd period - Slapshot by Ryan Wilson.
6:21 of 2nd period - Shot Blocked by Jacob Slavin.
7:11 of 2nd period - Snap shot by Fabian Brunnstrom.
7:11 of 2nd period - Deflect By Artemi Panarin.
7:11 of 2nd period - Shot Misses the Net.
7:11 of 2nd period - Puck is out of play.
7:12 of 2nd period - Nicklas Backstrom wins face-off versus Martin Havlat in Blue Jackets zone.
7:13 of 2nd period - Slapshot by Tyler Johnson.
7:13 of 2nd period - Stopped by Rick DiPietro without a rebound.
7:14 of 2nd period - Cody Hodgson wins face-off versus Filip Forsberg in Blue Jackets zone.
7:14 of 2nd period - Cody Hodgson is hit by Tyler Johnson.
7:20 of 2nd period - Filip Forsberg is hit by Max Pacioretty and loses puck.
7:42 of 2nd period - Off-side.
7:43 of 2nd period - Ryan O'Reilly wins face-off versus Christian Hanson in neutral zone.
7:46 of 2nd period - Wrist shot by Ryan O'Reilly.
7:46 of 2nd period - Stopped by Rick DiPietro without a rebound.
7:47 of 2nd period - Christian Hanson wins face-off versus Nicklas Backstrom in Blue Jackets zone.
7:58 of 2nd period - Wrist shot by Brandon Bollig.
7:58 of 2nd period - Shot Blocked by Nicklas Backstrom.
8:00 of 2nd period - Wrist shot by Andreas Nodl.
8:00 of 2nd period - Stopped by Carey Price without a rebound.
8:01 of 2nd period - Nicklas Backstrom wins face-off versus Cody Hodgson in Blues zone.
8:18 of 2nd period - Wrist shot by Martin Havlat.
8:18 of 2nd period - Stopped by Carey Price without a rebound.
8:19 of 2nd period - David Perron wins face-off versus Tyler Seguin in Blues zone.
8:34 of 2nd period - Snap shot by Alex Pietrangelo.
8:34 of 2nd period - Deflect By Artemi Panarin.
8:34 of 2nd period - Stopped by Rick DiPietro with a rebound.
8:36 of 2nd period - Wrist shot by David Perron.
8:36 of 2nd period - Shot Blocked by Rob Scuderi.
8:46 of 2nd period - Alex Pietrangelo is hit by Dalton Prout and loses puck.
8:59 of 2nd period - Icing by Ryan Wilson.
9:00 of 2nd period - Ryan O'Reilly wins face-off versus Pavel Datsyuk in Blue Jackets zone.
9:05 of 2nd period - Snap shot by David Perron.
9:05 of 2nd period - Goal by David Perron - Blues : 2 - Blue Jackets : 0.
9:06 of 2nd period - Artemi Panarin wins face-off versus Nicklas Backstrom in neutral zone.
9:17 of 2nd period - Wrist shot by Tyler Seguin.
9:17 of 2nd period - Deflect By Devin Setoguchi.
9:17 of 2nd period - Shot Misses the Net.
9:17 of 2nd period - Puck is out of play.
9:18 of 2nd period - Tyler Seguin wins face-off versus Nicklas Backstrom in Blues zone.
9:19 of 2nd period - Slapshot by Artemi Panarin.
9:19 of 2nd period - Stopped by Carey Price without a rebound.
9:20 of 2nd period - Filip Forsberg wins face-off versus Tyler Seguin in Blues zone.
9:22 of 2nd period - Minor Penalty to Nicklas Backstrom for Hooking.
9:23 of 2nd period - Drew Shore wins face-off versus Tyler Seguin in Blues zone.
9:49 of 2nd period - Drew Shore is hit by Branislav Mezei.
10:21 of 2nd period - Off-side.
10:22 of 2nd period - Drew Shore wins face-off versus Artemi Panarin in neutral zone.
11:22 of 2nd period - Penalty to Nicklas Backstrom is over, Nicklas Backstrom is back on ice.
11:29 of 2nd period - Brandon Yip is hit by Christian Hanson and loses puck.
12:11 of 2nd period - Artemi Panarin is hit by Ryan O'Reilly.
12:39 of 2nd period - Alex Pietrangelo is hit by Pavel Datsyuk and loses puck.
12:54 of 2nd period - Icing by Alex Pietrangelo.
12:55 of 2nd period - Tyler Seguin wins face-off versus Vincent Lecavalier in Blues zone.
13:04 of 2nd period - Snap shot by Artemi Panarin.
13:04 of 2nd period - Stopped by Carey Price with a rebound.
13:06 of 2nd period - Snap shot by Dalton Prout.
13:06 of 2nd period - Shot Blocked by Cody Ceci.
13:08 of 2nd period - Slapshot by Mike Lundin.
13:08 of 2nd period - Shot Blocked by Cody Ceci.
13:10 of 2nd period - Snap shot by Devin Setoguchi.
13:10 of 2nd period - Deflect By Tyler Seguin.
13:10 of 2nd period - Shot Misses the Net.
13:10 of 2nd period - Puck is out of play.
13:11 of 2nd period - Nicklas Backstrom wins face-off versus Cody Hodgson in Blues zone.
13:22 of 2nd period - Slapshot by Max Pacioretty.
13:22 of 2nd period - Shot Misses the Net.
14:08 of 2nd period - Slapshot by Tyler Kennedy.
14:08 of 2nd period - Shot Blocked by Jake Gardiner.
14:22 of 2nd period - Wrist shot by Tyler Johnson.
14:22 of 2nd period - Shot Misses the Net.
14:24 of 2nd period - Snap shot by Tyler Johnson.
14:24 of 2nd period - Shot Misses the Net.
14:26 of 2nd period - Slapshot by Jake Gardiner.
14:26 of 2nd period - Stopped by Rick DiPietro without a rebound.
14:27 of 2nd period - Tyler Seguin wins face-off versus Ryan O'Reilly in Blue Jackets zone.
14:27 of 2nd period - Tyler Seguin is hit by Kevin Hayes.
14:53 of 2nd period - Martin Havlat is hit by Filip Forsberg.
14:54 of 2nd period - Icing by Martin Havlat.
14:55 of 2nd period - Cody Hodgson wins face-off versus Nicklas Backstrom in Blue Jackets zone.
15:20 of 2nd period - Snap shot by Martin Havlat.
15:20 of 2nd period - Stopped by Carey Price with a rebound.
15:22 of 2nd period - Slapshot by Cody Hodgson.
15:22 of 2nd period - Stopped by Carey Price without a rebound.
15:23 of 2nd period - Tyler Seguin wins face-off versus Ryan O'Reilly in Blues zone.
15:24 of 2nd period - Wrist shot by Artemi Panarin.
15:24 of 2nd period - Shot Misses the Net.
15:34 of 2nd period - Slapshot by Ryan Murray.
15:34 of 2nd period - Goal by Ryan Murray - Blues : 3 - Blue Jackets : 0.
15:35 of 2nd period - Tyler Seguin wins face-off versus Nicklas Backstrom in neutral zone.
15:45 of 2nd period - Snap shot by Devin Setoguchi.
15:45 of 2nd period - Deflect By Tyler Seguin.
15:45 of 2nd period - Stopped by Carey Price with a rebound.
16:01 of 2nd period - Martin Havlat is hit by David Perron.
16:29 of 2nd period - Anthony Mantha is hit by Mike Lundin and loses puck.
16:42 of 2nd period - Ryan Wilson is hit by Ryan Murray and loses puck.
17:18 of 2nd period - Wrist shot by Brandon Bollig.
17:18 of 2nd period - Stopped by Carey Price with a rebound.
18:16 of 2nd period - Drew Shore is hit by Artemi Panarin and loses puck.
18:23 of 2nd period - Snap shot by Devin Setoguchi.
18:23 of 2nd period - Shot Misses the Net.
18:25 of 2nd period - Snap shot by Mike Lundin.
18:25 of 2nd period - Shot Misses the Net.
18:27 of 2nd period - Wrist shot by Devin Setoguchi.
18:27 of 2nd period - Stopped by Carey Price with a rebound.
18:42 of 2nd period - Cody Ceci is hit by Andreas Nodl and loses puck.
18:57 of 2nd period - Cody Ceci is hit by Martin Havlat and loses puck.
19:54 of 2nd period - Snap shot by Artemi Panarin.
19:54 of 2nd period - Stopped by Carey Price without a rebound.
19:55 of 2nd period - Nicklas Backstrom wins face-off versus Cody Hodgson in Blues zone.
19:55 of 2nd period - Nicklas Backstrom is hit by Ryan Wilson.
Goals for this period are 3 for Blues vs 0 for Blue Jackets.
Shots for this period are 16 for Blues vs 10 for Blue Jackets.
3rd period
0:01 of 3rd period - Tyler Seguin wins face-off versus Tyler Johnson in neutral zone.
0:04 of 3rd period - Slapshot by Tyler Seguin.
0:04 of 3rd period - Shot Misses the Net.
0:37 of 3rd period - Slapshot by Dalton Prout.
0:37 of 3rd period - Deflect By Max Pacioretty.
0:37 of 3rd period - Stopped by Carey Price without a rebound.
0:38 of 3rd period - Nicklas Backstrom wins face-off versus Tyler Seguin in Blues zone.
0:38 of 3rd period - Nicklas Backstrom is hit by Artemi Panarin.
0:46 of 3rd period - Devin Setoguchi is hit by Tyler Johnson and loses puck.
0:58 of 3rd period - Minor Penalty to Devin Setoguchi for Tripping.
0:59 of 3rd period - Tyler Seguin wins face-off versus Nicklas Backstrom in Blue Jackets zone.
1:40 of 3rd period - Max Pacioretty is hit by Filip Forsberg.
2:55 of 3rd period - Max Pacioretty is hit by Linus Omark and loses puck.
2:58 of 3rd period - Penalty to Devin Setoguchi is over, Devin Setoguchi is back on ice.
3:06 of 3rd period - Wrist shot by Andreas Nodl.
3:06 of 3rd period - Stopped by Carey Price with a rebound.
3:12 of 3rd period - Snap shot by Christian Hanson.
3:12 of 3rd period - Stopped by Carey Price without a rebound.
3:13 of 3rd period - Drew Shore wins face-off versus Christian Hanson in Blues zone.
3:46 of 3rd period - Snap shot by Tyler Seguin.
3:46 of 3rd period - Deflect By Artemi Panarin.
3:46 of 3rd period - Stopped by Carey Price with a rebound.
4:12 of 3rd period - Mike Lundin is hit by Filip Forsberg and loses puck.
4:33 of 3rd period - Snap shot by Martin Havlat.
4:33 of 3rd period - Stopped by Carey Price with a rebound.
4:39 of 3rd period - Cody Hodgson is hit by David Perron and loses puck.
4:52 of 3rd period - Snap shot by Artemi Panarin.
4:52 of 3rd period - Stopped by Carey Price with a rebound.
4:54 of 3rd period - Slapshot by Rob Scuderi.
4:54 of 3rd period - Deflect By Artemi Panarin.
4:54 of 3rd period - Stopped by Carey Price with a rebound.
4:56 of 3rd period - Backhand shot by Devin Setoguchi.
4:56 of 3rd period - Stopped by Carey Price without a rebound.
4:57 of 3rd period - Pavel Datsyuk wins face-off versus Nicklas Backstrom in Blues zone.
4:58 of 3rd period - Wrist shot by Tyler Kennedy.
4:58 of 3rd period - Shot Misses the Net.
5:00 of 3rd period - Wrist shot by Pavel Datsyuk.
5:00 of 3rd period - Stopped by Carey Price with a rebound.
5:02 of 3rd period - Slapshot by Branislav Mezei.
5:02 of 3rd period - Stopped by Carey Price without a rebound.
5:03 of 3rd period - Nicklas Backstrom wins face-off versus Pavel Datsyuk in Blues zone.
5:10 of 3rd period - Snap shot by Tyler Kennedy.
5:10 of 3rd period - Stopped by Carey Price with a rebound.
5:12 of 3rd period - Snap shot by Eric Wellwood.
5:12 of 3rd period - Stopped by Carey Price without a rebound.
5:13 of 3rd period - Tyler Seguin wins face-off versus Nicklas Backstrom in Blues zone.
5:14 of 3rd period - Snap shot by Artemi Panarin.
5:14 of 3rd period - Shot Blocked by Filip Forsberg.
5:22 of 3rd period - Wrist shot by Filip Forsberg.
5:22 of 3rd period - Shot Misses the Net.
6:12 of 3rd period - Slapshot by Rob Scuderi.
6:12 of 3rd period - Shot Misses the Net.
7:08 of 3rd period - Kevin Hayes is hit by Ryan Wilson and loses puck.
7:28 of 3rd period - Ryan Murray is hit by Pavel Datsyuk and loses puck.
7:35 of 3rd period - Snap shot by Anthony Mantha.
7:35 of 3rd period - Stopped by Rick DiPietro with a rebound.
7:51 of 3rd period - Wrist shot by Brandon Bollig.
7:51 of 3rd period - Stopped by Carey Price with a rebound.
7:53 of 3rd period - Backhand shot by Andreas Nodl.
7:53 of 3rd period - Shot Misses the Net.
7:55 of 3rd period - Slapshot by Branislav Mezei.
7:55 of 3rd period - Deflect By Christian Hanson.
7:55 of 3rd period - Stopped by Carey Price without a rebound.
7:56 of 3rd period - Tyler Seguin wins face-off versus Nicklas Backstrom in Blues zone.
8:07 of 3rd period - Slapshot by Cody Ceci.
8:07 of 3rd period - Stopped by Rick DiPietro without a rebound.
8:08 of 3rd period - Tyler Seguin wins face-off versus Nicklas Backstrom in Blue Jackets zone.
8:08 of 3rd period - Tyler Seguin is hit by Ryan Murray.
8:22 of 3rd period - Slapshot by Artemi Panarin.
8:22 of 3rd period - Stopped by Carey Price without a rebound.
8:23 of 3rd period - Nicklas Backstrom wins face-off versus Cody Hodgson in Blues zone.
8:25 of 3rd period - Minor Penalty to Ryan Murray for Hooking.
8:26 of 3rd period - Drew Shore wins face-off versus Tyler Seguin in Blues zone.
8:26 of 3rd period - Drew Shore is hit by Devin Setoguchi.
10:25 of 3rd period - Penalty to Ryan Murray is over, Ryan Murray is back on ice.
10:40 of 3rd period - Slapshot by Alex Pietrangelo.
10:40 of 3rd period - Shot Blocked by Christian Hanson.
10:42 of 3rd period - Slapshot by Alex Pietrangelo.
10:42 of 3rd period - Stopped by Rick DiPietro with a rebound.
10:44 of 3rd period - Slapshot by Jacob Slavin.
10:44 of 3rd period - Shot Blocked by Rob Scuderi.
11:08 of 3rd period - Max Pacioretty is hit by Yann Sauvé and loses puck.
11:23 of 3rd period - Minor Penalty to Filip Forsberg for Cross-checking.
11:24 of 3rd period - Drew Shore wins face-off versus Tyler Seguin in Blues zone.
11:46 of 3rd period - Cody Ceci is hit by Mike Lundin and loses puck.
13:17 of 3rd period - Icing by Mike Lundin.
13:18 of 3rd period - Pavel Datsyuk wins face-off versus Nicklas Backstrom in Blue Jackets zone.
13:23 of 3rd period - Penalty to Filip Forsberg is over, Filip Forsberg is back on ice.
13:45 of 3rd period - Slapshot by Cody Ceci.
13:45 of 3rd period - Shot Blocked by Christian Hanson.
13:47 of 3rd period - Snap shot by Vincent Lecavalier.
13:47 of 3rd period - Shot Misses the Net.
13:49 of 3rd period - Slapshot by Linus Omark.
13:49 of 3rd period - Stopped by Rick DiPietro with a rebound.
13:51 of 3rd period - Slapshot by Vincent Lecavalier.
13:51 of 3rd period - Stopped by Rick DiPietro without a rebound.
13:52 of 3rd period - Nicklas Backstrom wins face-off versus Pavel Datsyuk in Blue Jackets zone.
13:55 of 3rd period - Snap shot by Nicklas Backstrom.
13:55 of 3rd period - Shot Misses the Net.
13:57 of 3rd period - Snap shot by Alex Pietrangelo.
13:57 of 3rd period - Stopped by Rick DiPietro without a rebound.
13:58 of 3rd period - Nicklas Backstrom wins face-off versus Pavel Datsyuk in Blue Jackets zone.
13:59 of 3rd period - Wrist shot by Tyler Johnson.
13:59 of 3rd period - Shot Blocked by Pavel Datsyuk.
14:01 of 3rd period - Slapshot by Alex Pietrangelo.
14:01 of 3rd period - Stopped by Rick DiPietro without a rebound.
14:02 of 3rd period - Nicklas Backstrom wins face-off versus Pavel Datsyuk in Blue Jackets zone.
14:58 of 3rd period - Snap shot by Filip Forsberg.
14:58 of 3rd period - Shot Misses the Net.
15:00 of 3rd period - Snap shot by Nicklas Backstrom.
15:00 of 3rd period - Shot Misses the Net.
15:02 of 3rd period - Wrist shot by Filip Forsberg.
15:02 of 3rd period - Shot Blocked by Pavel Datsyuk.
15:04 of 3rd period - Slapshot by Alex Pietrangelo.
15:04 of 3rd period - Stopped by Rick DiPietro without a rebound.
15:05 of 3rd period - Tyler Seguin wins face-off versus Ryan O'Reilly in Blue Jackets zone.
15:05 of 3rd period - Tyler Seguin is hit by Kevin Hayes.
16:05 of 3rd period - Andreas Nodl is hit by Brandon Yip and loses puck.
16:23 of 3rd period - Dalton Prout is hit by Ryan O'Reilly and loses puck.
16:38 of 3rd period - Cody Ceci is hit by Cody Hodgson and loses puck.
16:51 of 3rd period - Rob Scuderi is hit by Tyler Johnson.
16:57 of 3rd period - Minor Penalty to Jacob Slavin for Hooking.
16:58 of 3rd period - Drew Shore wins face-off versus Devin Setoguchi in Blues zone.
17:11 of 3rd period - Drew Shore is hit by Artemi Panarin and loses puck.
18:57 of 3rd period - Penalty to Jacob Slavin is over, Jacob Slavin is back on ice.
19:17 of 3rd period - Brandon Yip is hit by Christian Hanson and loses puck.
19:46 of 3rd period - Filip Forsberg is hit by Martin Havlat and loses puck.
19:57 of 3rd period - Andreas Nodl is hit by Jacob Slavin.
Goals for this period are 0 for Blues vs 0 for Blue Jackets.
Shots for this period are 8 for Blues vs 15 for Blue Jackets.